 Dungeon Crawl Stone Soup version 0.24-a0-509-ga1643a6 (webtiles) character file.

Game seed: 17347388920788201220

2866 sighowe the Shield-Bearer (level 9, -18/74 HPs)
             Began as a White Draconian Fighter on July 19, 2019.
             Was a Believer of Dithmenos.
             Demolished by a two-headed ogre
             ... wielding a cursed +0 giant spiked club
              (21 damage)
             ... on level 8 of the Dungeon.
             The game lasted 00:26:04 (7072 turns).

sighowe the Shield-Bearer (White Draconian Fighter) Turns: 7072, Time: 00:26:05

Health: -18/74     AC: 10    Str: 26    XL:     9   Next: 47%
Magic:  2/10       EV: 12    Int: 16    God:    Dithmenos [**....]
Gold:   137        SH: 10    Dex:  7    Spells: 8/8 levels left

rFire    + + .     SeeInvis .   l - +8 whip of the Whale {freeze, *Drain rN+ Int+8 Stlth-}
rCold    + + +     Gourm    .   b - +0 shield
rNeg     + . .     Faith    .   (armour unavailable)
rPois    .         Spirit   .   (helmet restricted)
rElec    .         Reflect  .   r - scarf {rC+ rF+}
rCorr    +         Harm     .   e - +1 pair of gloves "Merch" {rC+ rCorr Str+3 Dex-3}
MR       .....                  p - +0 pair of boots
Stlth    ..........             o - amulet of rage
HPRegen  0.22/turn              (no ring)
MPRegen  0.12/turn              j - ring of protection from fire

@: wreathed by umbra
A: breathe frost, unfitting armour, cold resistance 1, cold-blooded, AC +7
a: Breathe Frost, Shadow Step, Renounce Religion, Evoke Berserk Rage


You were on level 8 of the Dungeon.
You worshipped Dithmenos.
Dithmenos was pleased with you.
You were hungry.

You visited 1 branch of the dungeon, and saw 8 of its levels.

You collected 417 gold pieces.
You spent 280 gold pieces at shops.

Inventory:

Hand Weapons
 a - a +0 war axe
 g - a +0 hand axe of draining
 k - a +1 scimitar of flaming
 l - the +8 whip of the Whale (weapon) {freeze, *Drain rN+ Int+8 Stlth-}
   (You bought it in a shop on level 6 of the Dungeon)

   It has been specially enchanted to freeze those struck by it, causing extra
   injury to most foes and up to half again as much damage against particularly
   susceptible opponents.
   It can also slow down cold-blooded creatures.
   It affects your intelligence (+8).
   It protects you from negative energy.
   It causes draining when unequipped.
   It makes you less stealthy.
 n - the cursed +3 morningstar of Dismemberment {crush, Str+2}
   (You bought it in a shop on level 6 of the Dungeon)

   It inflicts extra damage upon your enemies.
   It affects your strength (+2).
   It has a curse placed upon it.
Missiles
 i - 3 poisoned darts
 t - 2 throwing nets (quivered)
Armour
 b - a +0 shield (worn)
 e - the +1 pair of gloves "Merch" (worn) {rC+ rCorr Str+3 Dex-3}
   (You found it on level 5 of the Dungeon)

   It affects your strength (+3).
   It affects your dexterity (-3).
   It protects you from cold.
   It provides partial protection from all sources of acid and corrosion.
 p - a +0 pair of boots (worn)
 r - a scarf of resistance (worn)
Jewellery
 j - a ring of protection from fire (right hand)
 o - an amulet of rage (around neck)
Wands
 c - a wand of enslavement (2)
 s - a wand of acid (9)
Scrolls
 h - 4 scrolls of remove curse
 m - 4 scrolls of identify
Comestibles
 d - 13 rations


   Skills:
 + Level 5.3 Fighting
 * Level 6.2 Long Blades
 + Level 4.1(5.1) Axes
 + Level 4.6(5.4) Maces & Flails
 + Level 2.2 Throwing
 + Level 5.6 Dodging
 + Level 1.5 Stealth
 + Level 6.2 Shields
 + Level 2.5 Evocations


You had 8 spell levels left.
You didn't know any spells.
Your spell library was empty.

Dungeon Overview and Level Annotations

Branches:
Dungeon (8/15)             Temple (0/1) D:5
   Lair: D:8-11

Altars:
Dithmenos
Hepliaklqana
Makhleb
Qazlal
The Shining One

Shops:
D:6 (   D:8 (


Innate Abilities, Weirdness & Mutations

You can breathe waves of freezing cold.
You can buffet flying creatures when you breathe cold.
Your icy white scales are hard. (AC +7)
You cannot fit into any form of body armour.
Your flesh is cold resistant. (rC+)
You are cold-blooded and may be slowed by cold attacks.


Message History

Found 14 gold pieces.
Aiming: Shadow Step
Press: ? - help, Dir - move target cursor, f - hungry ghost
Aim: a hungry ghost (umbra)
You step into the hungry ghost's shadow.
You block the hungry ghost's attack.
You feel sick.
You are no longer poisoned.
Okay, then.
Okay, then.
Aiming: Shadow Step
Press: ? - help, Dir - move target cursor, f - two-headed ogre, p - hungry ghost
Aim: a two-headed ogre, wielding a +0 giant spiked club and a +0 giant club (umbra)
You step into the two-headed ogre's shadow.
The orc hits you but does no damage.
The two-headed ogre completely misses you.
You block the two-headed ogre's attack. The hungry ghost misses you.
The two-headed ogre closely misses you.
The two-headed ogre hits you with a +0 giant club!!
You die...

.... ...... .....
$...# . ....###
.#. ###.
...###.....
##[..##..........
##...#..o........#
#...$.@oW.o......
#......O..#....##
#....#.o.o##....#
.................#
....8.8.8.....####
.........$...?#
..#########...# ..
#####


You could see a two-headed ogre, a hungry ghost, 2 orc priests and 3 orcs.

Vanquished Creatures
  Pikel (D:8)
  An oklob plant (D:7)
  A spriggan (D:7)
  A hungry ghost (D:7)
  A water moccasin (D:8)
  An ice beast (D:7)
  A phantom (D:7)
  3 bullfrogs
  A gnoll sergeant (D:7)
  A scorpion (D:4)
  4 howler monkeys
  4 crimson imps
  3 hounds
  A jelly (D:7)
  A bullfrog skeleton (D:4)
  2 orc priests
  4 orc wizards
  4 iguanas
  8 worker ants
  8 gnolls (D:7)
  7 adders
  A shadow imp (D:7)
  An ooze (D:2)
  2 dart slugs
  2 worms
  4 leopard geckos
  18 orcs
  4 giant cockroaches
  5 goblins
  7 hobgoblins
  8 jackals
  3 kobolds
  6 quokkas
  8 bats
  3 frilled lizards
  A jackal skeleton (D:4)
  2 leopard gecko skeletons
  A leopard gecko zombie (D:6)
  A quokka skeleton (D:5)
  6 rats
  2 plants (D:7)
143 creatures vanquished.

Vanquished Creatures (others)
  An electric eel (D:8)
1 creature vanquished.

Grand Total: 144 creatures vanquished

Notes
Turn   | Place    | Note
-------+----------+-------------------------------------------
     0 | D:1      | sighowe the Draconian Fighter began the quest for the Orb.
     0 | D:1      | Reached XP level 1. HP: 19/19 MP: 1/1
   268 | D:1      | Reached XP level 2. HP: 26/26 MP: 2/2
   715 | D:2      | Reached XP level 3. HP: 25/31 MP: 3/3
  1153 | D:2      | Found a glowing golden altar of the Shining One.
  1363 | D:3      | Reached XP level 4. HP: 35/40 MP: 4/4
  1823 | D:4      | Reached XP level 5. HP: 46/46 MP: 5/5
  2277 | D:4      | Found a shadowy altar of Dithmenos.
  2287 | D:4      | Became a worshipper of Dithmenos the Shadowed
  2538 | D:4      | Reached skill level 1 in Long Blades
  2542 | D:4      | Reached XP level 6. HP: 44/52 MP: 6/6
  2973 | D:4      | Reached * piety under Dithmenos
  2973 | D:4      | Reached skill level 1 in Stealth
  3181 | D:4      | Found a burning altar of Makhleb.
  3189 | D:4      | Reached skill level 1 in Throwing
  3283 | D:5      | Entered Level 5 of the Dungeon
  3298 | D:5      | Your scales start taking on an icy white colour.
  3298 | D:5      | Reached XP level 7. HP: 14/59 MP: 7/7
  3298 | D:5      | Gained mutation: Your flesh is cold resistant. (rC+) [White
                  | Draconian growth]
  3680 | D:5      | Found a hazy altar of Hepliaklqana.
  3723 | D:5      | Found a staircase to the Ecumenical Temple.
  3830 | D:5      | Got a pair of pitted gloves
  3836 | D:5      | Identified the +1 pair of gloves "Merch" {rC+ rCorr Str+3
                  | Dex-3} (You found it on level 5 of the Dungeon)
  4140 | D:6      | Found Veddaadgh's Antique Weapon Shoppe.
  4148 | D:6      | Bought a transparent whip for 127 gold pieces
  4148 | D:6      | Bought a shimmering morningstar for 153 gold pieces
  4148 | D:6      | Identified the +8 whip of the Whale {freeze, *Drain rN+
                  | Int+8 Stlth-} (You bought it in a shop on level 6 of the
                  | Dungeon)
  4149 | D:6      | Identified the cursed +3 morningstar of Dismemberment
                  | {crush, Str+2} (You bought it in a shop on level 6 of the
                  | Dungeon)
  4236 | D:6      | Reached skill level 5 in Shields
  4820 | D:7      | Reached XP level 8. HP: 67/67 MP: 8/8
  4846 | D:7      | Reached ** piety under Dithmenos
  4855 | D:7      | Reached skill level 1 in Maces & Flails
  4876 | D:7      | Noticed an oklob plant
  4904 | D:7      | Found a stormy altar of Qazlal.
  6159 | D:7      | Reached skill level 5 in Long Blades
  6238 | D:7      | Killed an oklob plant
  6238 | D:7      | Reached skill level 5 in Dodging
  6238 | D:7      | Reached skill level 1 in Evocations
  6396 | D:7      | Reached XP level 9. HP: 66/73 MP: 10/10
  6584 | D:7      | Reached skill level 5 in Fighting
  6964 | D:8      | Found Taryrion's Antique Weapon Shoppe.
  7027 | D:8      | Noticed Pikel
  7040 | D:8      | Killed Pikel
  7066 | D:8      | Noticed a two-headed ogre
  7072 | D:8      | Demolished by a two-headed ogre

Levels and vault maps discovered:
D:1:      dpeg_arrival_tiny_g, layout_basic
D:2:      layout_rooms, marbit_many_paths
D:3:      layout_loops_ring
D:4:      layout_loops_ring, makhleb_grotto_becter, grunt_ministairs_10,
          grunt_dithmenos_smoke_and_mirrors
D:5:      layout_rooms, lemuel_crystal_altar,
          minmay_temple_entry_enclosed_plants, first_ration
D:6:      layout_rooms, serial_shops, shop
D:7:      layout_gridville, the_bakery, lemuel_oklob_altar
D:8:      layout_cave_pools, serial_shops, nicolae_shop_stone,
          serial_column_ruins, column_ruins_square_huge,
          column_ruins_open_small_water, column_ruins_columns_water,
          column_ruins_columns_straight, column_ruins_open_small,
          column_ruins_corridor_straight, serial_bayou_ford_a, uniq_pikel

Skill      XL: |  1  2  3  4  5  6  7  8  9 |
---------------+----------------------------+-----
Dodging        | 3 4 5 |  5.6
Axes           | 3 4 |  4.1
Fighting       | 4 5 |  5.3
Long Blades    | 1 2 4 5 6 |  6.2
Shields        | 4 5 6 |  6.2
Stealth        | 1 |  1.5
Throwing       | 1 2 |  2.2
Maces & Flails | 3 4 |  4.6
Evocations     | 1 2 |  2.5

Action                   |  1- 3 |  4- 6 |  7- 9 || total
-------------------------+-------+-------+-------++-------
Melee: War axe           |   107 |    33 |       ||   140
       Tailslap          |    10 |    22 |    11 ||    43
       Hand axe          |       |    23 |       ||    23
       Scimitar          |       |    85 |    23 ||   108
       Whip              |       |       |   168 ||   168
Throw: Dart              |     3 |     9 |    14 ||    26
       Throwing net      |       |       |     2 ||     2
Invok: Shadow Step       |       |       |     2 ||     2
 Abil: Breathe Frost     |       |       |    21 ||    21
       Evoke Berserk Rag |       |       |     1 ||     1
Evoke: Wand              |       |       |    14 ||    14
  Use: Scroll            |     3 |     4 |     6 ||    13
       Potion            |       |     4 |     3 ||     7
 Stab: Sleeping          |     1 |     1 |       ||     2
  Eat: Ration            |     1 |     1 |     4 ||     6
       Chunk             |       |       |     6 ||     6
Armor: Skin              |    25 |    45 |    45 ||   115
Dodge: Dodged            |    53 |    93 |    75 ||   221
Block: Shield            |    52 |   115 |    86 ||   253
       Rpst.: Scimitar   |       |    20 |     4 ||    24

Table legend:
 A = Non-vault XP
 B = Vault XP
 C = Vault XP percentage of total XP
 D = Non-vault monster count
 E = Vault monster count
 F = Vault count percentage of total count
                 A         B        C        D         E       F
            +---------+---------+-------+---------+---------+-------
      Total |    2630 |    1465 |  35.8 |     131 |      10 |   7.1
            +---------+---------+-------+---------+---------+-------
        D:1 |      16 |       0 |   0.0 |       8 |       0 |   0.0
        D:2 |      51 |       1 |   1.9 |      14 |       1 |   6.7
        D:3 |      95 |       0 |   0.0 |      26 |       0 |   0.0
        D:4 |     437 |      61 |  12.2 |      23 |       6 |  20.7
        D:5 |     188 |       0 |   0.0 |      11 |       0 |   0.0
        D:6 |     459 |       0 |   0.0 |      16 |       0 |   0.0
        D:7 |    1056 |     786 |  42.7 |      28 |       2 |   6.7
        D:8 |     328 |     617 |  65.3 |       5 |       1 |  16.7
            +---------+---------+-------+---------+---------+-------
